 Dungeon Crawl Stone Soup version 0.27.1-33-g824d729ab1 (webtiles) character file.

Game seed: 9993760385230477990

23 pentaflop the Skirmisher (level 2, -1/22 (24) HPs)
             Began as a Demonspawn Chaos Knight on Nov 24, 2021.
             Was a Plaything of Xom.
             Slain by a steam dragon (8 damage)
             ... on level 1 of the Dungeon.
             The game lasted 00:02:13 (603 turns).

pentaflop the Skirmisher (Demonspawn Chaos Knight)   Turns: 603, Time: 00:02:13

HP:   -1/22 (24)    AC:  5    Str: 12    XL:     2   Next: 72%
MP:   2/2           EV: 11    Int: 13    God:    Xom [....*.]
Gold: 40            SH:  0    Dex: 12    Spells: 1/1 levels left

rFire    . . .     SeeInvis .   a - +0 hand axe (chaos)
rCold    . . .     Faith    .   (no shield)
rNeg     . . .     Spirit   .   b - +2 leather armour
rPois    .         Reflect  .   (no helmet)
rElec    .         Harm     .   (no cloak)
rCorr    .         Rampage  .   (no gloves)
Will     .....                  (no boots)
Stlth    +.........             (no amulet)
HPRegen  0.07/turn              (no ring)
MPRegen  0.08/turn              (no ring)

@: drained
A: claws 1
a: Renounce Religion


You were on level 1 of the Dungeon.
You worshipped Xom.
You were a beloved toy of Xom.
You visited 1 branch of the dungeon, and saw 1 of its levels.

You collected 40 gold pieces.

Inventory:

Hand Weapons
 a - a +0 hand axe of chaos (weapon)
Armour
 b - a +2 leather armour (worn)
Scrolls
 c - a scroll of fear {unknown}
 d - a scroll of teleportation {unknown}
 e - a scroll of identify {unknown}
 f - a scroll of noise {unknown}


   Skills:
 + Level 3.3 Fighting
 + Level 3.2 Axes
 + Level 1.9 Armour
 + Level 1.0 Dodging


You had one spell level left.
You didn't know any spells.
Your spell library was empty.

Dungeon Overview and Level Annotations

Branches:
Dungeon (1/15)

Altars:
Xom


Innate Abilities, Weirdness & Mutations

You have sharp fingernails.


Message History

You see here a frilled lizard corpse.
A kobold comes into view. It is wielding a +3 whip.
The kobold shouts!
A goblin comes into view. It is wielding a +0 club.
You barely miss the kobold. The kobold hits you but does no damage.
You hit the kobold. You burn the kobold.
You kill the kobold!
You hit the goblin.
The goblin is moderately wounded.
The goblin hits you with a +0 club.
You hit the goblin. You burn the goblin.
You kill the goblin!
Items here: )) ††.
Found a scroll labelled UGAQOGAIPH.
f - a scroll labelled UGAQOGAIPH A bat comes into view.
The bat closely misses you.
You hit the bat.
The bat suddenly seems more agile.
The bat is heavily wounded.
The bat hits you but does no damage. x2; The bat barely misses you.
You hit the bat but do no damage.
The bat is heavily wounded.
The bat hits you but does no damage. x2
You hit the bat.
The bat evaporates and reforms as a steam dragon!
The steam dragon is heavily wounded.
The steam dragon closely misses you. x2
You hit the steam dragon but do no damage.
The steam dragon seems to speed up.
The steam dragon is heavily wounded.
The steam dragon breathes steam at you. The ball of steam hits you!
Ouch! That really hurt!
A shower of butterflies erupts from you!
You hit the steam dragon. You freeze the steam dragon.
The steam dragon is severely wounded.
You are engulfed in a cloud of scalding steam.
The steam dragon bites you!
You die...
Xom chuckles heartily!

#.........##.#
#.....######.#
#..........#.#
+.....##.....#
#.......######
#.....#.#..
#.....#.#.###
#.....#§#bb.#
#.....#b@.# #
#.....###D....#
###.### .#####
.. .# .# ##


You could see a steam dragon (fast, catching breath, ally target).

Vanquished Creatures
  A dart slug (D:1)
  A ball python (D:1)
  3 bats (D:1)
  2 endoplasms (D:1)
  A giant cockroach (D:1)
  3 goblins (D:1)
  A hobgoblin (D:1)
  3 kobolds (D:1)
  2 frilled lizards (D:1)
  A rat (D:1)
18 creatures vanquished.

Notes
Turn   | Place    | Note
-------+----------+-------------------------------------------
     0 | D:1      | pentaflop the Demonspawn Chaos Knight began the quest for
                  | the Orb.
     0 | D:1      | Reached XP level 1. HP: 18/18 MP: 1/1
    70 | D:1      | XOM: silly message
   133 | D:1      | Reached skill level 1 in Dodging
   138 | D:1      | Gained mutation: You have sharp fingernails. [demonic
                  | ancestry]
   138 | D:1      | Reached XP level 2. HP: 14/24 MP: 2/2
   170 | D:1      | XOM: noise
   354 | D:1      | XOM: scenery: create altars
   601 | D:1      | Noticed a steam dragon
   601 | D:1      | a bat changed into a steam dragon
   602 | D:1      | XOM: butterfly on damage
   603 | D:1      | Slain by a steam dragon

Illustrated notes

Levels and vault maps discovered:
D:1:      heliophobic_arrival_henge, layout_basic

Skill      XL: |  1  2 |
---------------+-------+-----
Dodging        | 1 |  1.0
Axes           | 3 |  3.2
Fighting       | |  3.3
Armour         | |  1.9

Action                   || total
-------------------------++-------
Melee: Hand axe          ||    63
 Stab: Paralysed         ||     2
Armor: Leather armour    ||    25
Dodge: Dodged            ||    34
